 Dungeon Crawl Stone Soup version 0.31-a0-472-g43a2ca8e1b (webtiles) character file.

Game seed: 16167269327510314106

210 Ethylacetat the Changeling (level 5, -2/23 HPs)
             Began as an Octopode Shapeshifter on Aug 6, 2023.
             Succumbed to Duvessa's poison
             ... on level 4 of the Dungeon.
             The game lasted 00:16:31 (2590 turns).

Ethylacetat the Changeling (Octopode Shapeshifter)  Turns: 2590, Time: 00:16:31

Health: -2/23      AC:  9    Str: 19    XL:     5   Next: 87%
Magic:  5/5        EV: 10    Int: 16    God:
Gold:   182        SH:  0    Dex: 15    Spells: 4/4 levels left

rFire   . .          .
                       - Unarmed
rCold   . . .        (shield currently unavailable)
rNeg    . . .        (helmet currently unavailable)
rPois   .            (no amulet)
rElec   .            n - +6 ring of intelligence
rCorr   .            (no ring)
SInv    .            (no ring)
Will    .....        (no ring)
Stlth   +            (no ring)
HPRegen 0.23/turn    (no ring)
MPRegen 0.09/turn    (no ring)
                     (no ring)

%: no passive effects
@: lethally poisoned (-2 -> -11), snake-form
A: constrict, reduced hp, almost no armour, amphibious, 8 rings, large,
(camouflage 1), (gelatinous body 1), (nimble swimmer 1), (tentacles)
a: Begin Untransformation


You were on level 4 of the Dungeon.
You were an enormous anaconda.
You visited 1 branch of the dungeon, and saw 4 of its levels.

You collected 182 gold pieces.

Inventory:

Missiles
 c - a throwing net
Jewellery
 n - a +6 ring of intelligence (left tentacle)
Talismans
 b - a beast talisman
 j - a serpent talisman (active)
Scrolls
 a - a scroll of brand weapon {unknown}
 e - a scroll of torment {unknown}
 f - 2 scrolls of fog {unknown}
 g - a scroll of teleportation {unknown}
 h - a scroll of fear {unknown}
 i - 3 scrolls of identify {unknown}
 k - 2 scrolls of enchant armour {unknown}
 l - a scroll of silence {unknown}
 m - a scroll of immolation {unknown}
 o - 2 scrolls of butterflies {unknown}
Potions
 d - a potion of lignification


   Skills:
 + Level 2.8 Fighting
 - Level 2.2 Dodging
 + Level 4.0 Unarmed Combat
 * Level 4.3 Shapeshifting


You had 4 spell levels left.
You didn't know any spells.
Your spell library contained the following spells:

 Spells                   Type           Power      Damage    Failure   Level
 Portal Projectile        Hex/Tloc       0%         N/A       58%         3
 Tukima's Dance           Hex            0%         N/A       58%         3
 Iskenderun's Mystic Bla  Conj/Tloc      0%         2d3       94%         4


Dungeon Overview and Level Annotations

Branches:
Dungeon (4/15)
 Temple: D:4-7

Altars:

Shops:
D:1 =

Annotations:
D:4 Dowan


Innate Abilities, Weirdness & Mutations

You are an enormous anaconda.
You have a powerful constriction melee attack.
Your maximum health is decreased, since you lack skill for your form.
Your armour is entirely melded.
You are incapable of wielding weapons or throwing items.
You cannot wear most types of armour.
You are amphibious.
You can wear up to eight rings at the same time.
((Your skin changes colour to match your surroundings (Stealth+).))
((Your rubbery body absorbs attacks. (AC +1, EV +1)))
((You are camouflaged when in or above water. (Stealth+)))
((You have tentacles for arms and can constrict up to eight enemies at once.))


Message History

Dowan casts a spell at you. The puff of frost hits you!
Things that are here:
a +0 club; a goblin corpse You see here a +0 dagger.
Dowan casts a spell at you. The puff of flame hits you!
* * * LOW HITPOINT WARNING * * *
Okay, then.
You feel much better.
Dowan's robes are whipped around by a magical breeze.
There is a stone staircase leading up here.
Duvessa says, "Where magic fails, the sword succeeds!"
You hit Duvessa but do no damage. You grab Duvessa. You constrict Duvessa.
Duvessa hits you with a +2 short sword of venom!
You hit Duvessa.
Duvessa is lightly wounded.
You constrict Duvessa. Duvessa barely misses you.
You lash Duvessa!
Duvessa is heavily wounded.
You constrict Duvessa. Dowan hits you but does no damage.
Duvessa zaps a wand.
The puff of flame hits you!
You hit Duvessa.
Duvessa is severely wounded.
You constrict Duvessa. Dowan hits you but does no damage.
You hit Duvessa.
Duvessa is almost dead.
You constrict Duvessa, but do no damage.
Duvessa hits you with a +2 short sword of venom.
* * * LOW HITPOINT WARNING * * *
You are lethally poisoned!
Dowan points at you and mumbles some strange words.
The puff of frost hits you.
* * * LOW HITPOINT WARNING * * *
Okay, then.
You lash Duvessa!
You kill Duvessa!
Dowan screams, "No!
No!"
Dowan seems to find hidden reserves of power!
You die...

...... ..##.........
#......
#.#...#..###. #.....
#.#)).#..#
##....####†.)##..##
#.........))..#.....
#........)##.####...
##..............# ..
#.#.....e.....#..##
.
.......S)....###...#
#............# ....
##..................
#.#.............$...
# ##............
#............
.(..#........
.#..###......


You could see Dowan (fast).

Vanquished Creatures
  Duvessa (D:4)
  A sleepcap (D:3)
  Terence (D:2)
  Robin (D:4)
  7 gnolls
  An adder (D:2)
  2 worms (D:2)
  A dart slug (D:2)
  4 orcs (D:3)
  5 ball pythons
  4 endoplasms
  A giant cockroach (D:1)
  10 hobgoblins
  2 jackals (D:3)
  2 kobolds
  2 frilled lizards
  10 goblins
  3 rats
58 creatures vanquished.

Vanquished Creatures (others)
  A hobgoblin (D:4)
1 creature vanquished.

Grand Total: 59 creatures vanquished

Notes
Turn   | Place    | Note
-------+----------+-------------------------------------------
     0 | D:1      | Ethylacetat the Octopode Shapeshifter began the quest for
                  | the Orb.
     0 | D:1      | Reached XP level 1. HP: 13/13 MP: 1/1
   265 | D:1      | Found Nidin's Jewellery Boutique.
   303 | D:1      | Reached XP level 2. HP: 18/18 MP: 2/2
   535 | D:2      | Found a faded altar of an unknown god.
   572 | D:2      | Reached XP level 3. HP: 18/23 MP: 3/3
   735 | D:2      | Reached XP level 4. HP: 19/29 MP: 4/4
  1255 | D:2      | Noticed Terence
  1264 | D:2      | Killed Terence
  1582 | D:3      | Identified the +1 robe of the Salamander {Dex+2}
  1627 | D:3      | Reached XP level 5. HP: 18/35 MP: 5/5
  2200 | D:3      | Noticed an ogre
  2314 | D:4      | Noticed Duvessa
  2314 | D:4      | Noticed Dowan
  2543 | D:4      | Noticed Robin
  2560 | D:4      | Killed Robin
  2578 | D:4      | HP: 1/23 [Dowan/puff of flame (10)]
  2589 | D:4      | HP: 1/23 [Dowan/puff of frost (5)]
  2590 | D:4      | Killed Duvessa
  2590 | D:4      | Succumbed to Duvessa's poison

Illustrated notes

Levels and vault maps discovered:
D:1:      grunt_arrival_lava_bath, layout_basic, serial_shops, shop
D:2:      layout_basic, serial_corexii_hall, corexii_hall_statues_s,
          corexii_hall_statues_deadend, ebering_ecumenical_altar_ruins,
          uniq_terence
D:3:      layout_basic, lightli_corner_chamber
D:4:      layout_cave_pools, uniq_duvessa, uniq_robin

Skill      XL: |  1  2  3  4  5 |
---------------+----------------+-----
Fighting       | 2 |  2.8
Shapeshifting  | 4 |  4.3
Unarmed Combat | 4 |  4.0
Dodging        | |  2.2

Action                     |  1- 3 |  4- 6 || total
---------------------------+-------+-------++-------
  Melee: Unarmed           |    47 |    94 ||   141
         Constrict         |    12 |    13 ||    25
         Tentacles         |     5 |     8 ||    13
    Use: Potion            |     1 |     4 ||     5
   Stab: Sleeping          |     4 |     8 ||    12
         Distracted        |       |     1 ||     1
 Armour: Skin              |       |    50 ||    50
  Dodge: Dodged            |    23 |    35 ||    58
   Form: Anaconda          |       |     1 ||     1

Table legend: (Time is in decaauts)
 A = Elapsed time spent in this place.
 B = Non-inter-level travel time spent in this place.
 C = Inter-level travel time spent in this place.
 D = Time resting spent in this place.
 E = Time spent auto-exploring this place.
 F = Levels seen in this place.
 G = Mean time per level.
                   A        B        C        D        E       F      G
               +--------+--------+--------+--------+--------+-----+--------+
         Total |   2580 |   2444 |    136 |    175 |   1839 |   4 |  645.0 |
       Dungeon |   2580 |   2444 |    136 |    175 |   1839 |   4 |  645.0 |
               +--------+--------+--------+--------+--------+-----+--------+

Top non-repeatable levels by time:
     D:2: 1042 daAuts
     D:3: 938 daAuts
     D:1: 478 daAuts
     D:4: 120 daAuts
